Knights vs Icehogs
Created - 7 mai 2013 at 19:36
Goals
|
| Knights |
0 |
1 |
0 |
1 |
| Icehogs |
2 |
1 |
1 |
4 |
|
Shots
|
| Knights |
14 |
10 |
3 |
27 |
| Icehogs |
13 |
5 |
3 |
21 |
|
1st period
1. Icehogs , Stanislav Chistov 34 (Niklas Hagman, Andrew Murray) at 1:54
2. Icehogs , Richard Park 17 (Nikolai Kulemin, Gilbert Brule) at 13:26
Penalties :
Steve Downie (Lon) for Hooking (Minor) at 7:24, Peter Mueller (Lon) for Hooking (Minor) at 9:42, Gilbert Brule (Roc) for Unsportsmanlike conduct (Major / Game Misconduct) at 18:16
2nd period
3. Knights , Nathan Gerbe 27 (Steve Downie, Matt Moulson) at 1:54 (PP)
4. Icehogs , Niklas Hagman 47 (Andrew Murray, Stanislav Chistov) at 10:17
Penalties :
Nikolai Kulemin (Roc) for Hooking (Minor) at 6:51
3rd period
5. Icehogs , Jason King 11 (Vladimir Mihalik, Niklas Hagman) at 9:27 (PP)
Penalties :
Nikolai Zherdev (Lon) for Elbowing (Minor) at 9:17, Stanislav Chistov (Roc) for Hooking (Minor) at 10:07, Stanislav Chistov (Roc) for Roughing (Double Minor) at 17:02
Goalie Stats
Michael Leighton (Lon), 17 saves from 21 shots - (0,810), L, 27-24-8, 60:00 minutes
José Theodore (Roc), 26 saves from 27 shots - (0,963), W, 35-23-4, 60:00 minutes
Players Stats for Knights
Player Name G A P +/- PIM S H SB GA TA FO MP PP MP PK MP
------------------------------------------------------------------------------------
Chris Thorburn 0 0 0 0 0 0 5 0 0 0 0/0 9:54 0:39 0:00
Darroll Powe 0 0 0 -1 0 6 5 0 0 1 13/22 20:41 5:50 2:27
Garnet Exelby 0 0 0 -1 0 1 1 0 0 2 0/0 15:28 0:37 0:00
Jarret Stoll 0 0 0 0 0 1 1 0 0 0 3/6 9:54 0:39 0:00
Joel Ward 0 0 0 0 0 1 1 0 1 0 0/0 9:23 0:00 0:00
Karlis Skrastins 0 0 0 0 0 2 0 0 0 1 0/0 18:32 5:49 1:32
Kyle Greentree 0 0 0 0 0 0 2 0 0 0 0/0 10:28 0:39 0:21
Mats Zuccarello 0 0 0 0 0 0 0 0 0 0 0/0 10:03 0:00 0:53
Matt Moulson 0 1 1 -2 0 0 5 0 0 0 1/1 18:32 5:25 0:00
Nathan Gerbe 1 0 1 0 0 1 1 0 1 1 3/5 14:38 5:25 0:00
Nicklas Grossman 0 0 0 0 0 0 0 0 0 0 0/0 12:27 0:00 0:00
Nigel Dawes 0 0 0 -1 0 4 2 0 1 1 0/0 20:30 5:50 2:27
Nikolai Zherdev 0 0 0 -2 2 3 3 0 1 0 0/1 20:15 5:50 1:20
Peter Mueller 0 0 0 -2 2 0 2 0 0 0 3/16 13:44 0:00 0:00
Ryan Suter 0 0 0 -2 0 2 1 2 0 0 0/0 24:33 5:28 1:32
Sheldon Brookbank 0 0 0 -2 0 0 0 2 1 0 0/0 24:54 5:49 2:36
Steve Downie 0 1 1 -1 2 3 1 0 0 0 0/1 17:47 5:25 0:48
Zbynek Michalek 0 0 0 -1 0 3 0 2 0 0 0/0 24:06 6:05 2:36
Players Stats for Icehogs
Player Name G A P +/- PIM S H SB GA TA FO MP PP MP PK MP
------------------------------------------------------------------------------------
Andrew Murray 0 2 2 2 0 1 3 0 0 0 4/12 15:14 1:42 0:51
Brett Sterling 0 0 0 0 0 1 3 1 0 0 0/0 11:53 0:00 1:52
Darren Helm 0 0 0 0 0 0 0 0 1 0 2/3 9:01 0:01 0:00
Gilbert Brule 0 1 1 1 15 0 0 0 1 0 11/14 7:27 2:15 0:00
Jason King 1 0 1 0 0 3 0 0 0 0 4/5 12:38 0:11 0:00
Josh Hennessy 0 0 0 0 0 0 2 0 0 0 1/3 13:30 0:00 2:29
Karl Alzner 0 0 0 1 0 0 0 1 0 2 0/0 11:35 0:00 0:20
Logan Stephenson 0 0 0 1 0 0 1 0 0 0 0/0 11:43 0:00 0:20
Milan Jurcina 0 0 0 0 0 1 1 1 0 0 0/0 21:41 1:46 5:09
Niklas Hagman 1 2 3 2 0 4 0 1 2 0 6/9 20:20 2:26 6:04
Nikolai Kulemin 0 1 1 1 2 0 0 0 0 0 1/4 18:17 0:00 2:56
Paul Ranger 0 0 0 2 0 0 4 2 1 0 0/0 26:42 2:22 6:25
Richard Park 1 0 1 1 0 8 2 0 1 0 0/1 23:23 2:25 5:54
Ryan Parent 0 0 0 2 0 1 4 3 0 2 0/0 26:42 2:22 6:25
Stanislav Chistov 1 1 2 2 6 2 1 0 0 0 0/0 13:59 1:42 0:00
Travis Moen 0 0 0 0 0 0 0 0 0 0 0/0 9:24 0:00 0:00
Ville Nieminen 0 0 0 0 0 0 0 0 0 1 0/1 12:39 1:42 3:42
Vladimir Mihalik 0 1 1 0 0 0 0 0 0 0 0/0 21:54 1:46 5:09
3 Stars
1 - Niklas Hagman (Roc)
2 - José Theodore (Roc)
3 - Andrew Murray (Roc)
Power Play
Knights - 1 on 5 Attempt(s) - 20,00%
Icehogs - 1 on 3 Attempt(s) - 33,33%
Penalty Kill
Knights - 2 on 3 Attempt(s) - 66,67%
- Score 0 goal in Penalty Kill
Icehogs - 4 on 5 Attempt(s) - 80,00%
- Score 0 goal in Penalty Kill
Official
Referees : StPierre Justin and StLaurent Francois
Linesman : Pierre Champoux and Brian Murphy
Game Notes
Gilbert Brule ejected from game at 18:16 of 1st period
Gilbert Brule from Icehogs is suspended for 3 game(s)
Knights
5 vs 5 Forward
Center Left Wing Right Wing Time % Phy DF OF
1 Darroll Powe Nigel Dawes Steve Downie 32 1 1 3
2 Peter Mueller Matt Moulson Nikolai Zherdev 31 1 1 3
3 Jarret Stoll Mats Zuccarello Chris Thorburn 22 1 1 3
4 Nathan Gerbe Kyle Greentree Joel Ward 15 1 1 3
5 vs 5 Defense
Defense Defense Time % Phy DF OF
1 Ryan Suter Sheldon Brookbank 40 1 2 2
2 Garnet Exelby Zbynek Michalek 30 1 2 2
3 Nicklas Grossman Karlis Skrastins 20 1 2 2
4 Nicklas Grossman Ryan Suter 10 1 2 2
PowerPlay Forward
Center Left Wing Right Wing Time % Phy DF OF
1 Darroll Powe Nigel Dawes Nikolai Zherdev 60 0 0 5
2 Nathan Gerbe Matt Moulson Steve Downie 40 0 0 5
PowerPlay Defense
Defense Defense Time % Phy DF OF
1 Ryan Suter Zbynek Michalek 60 0 1 4
2 Karlis Skrastins Sheldon Brookbank 40 0 1 4
Penalty Kill 4 Players Forward
Center Wing Time % Phy DF OF
1 Darroll Powe Nigel Dawes 60 0 4 1
2 Nikolai Zherdev Steve Downie 40 0 4 1
Penalty Kill 4 Players Defense
Defense Defense Time % Phy DF OF
1 Zbynek Michalek Sheldon Brookbank 60 1 4 0
2 Karlis Skrastins Ryan Suter 40 0 5 0
Penalty Kill - 3 Players Forward
Forward Time % Phy DF OF
1 Darroll Powe 60 1 2 2
2 Nigel Dawes 40 1 2 2
Penalty Kill - 3 Players Defense
Defense Defense Time % Phy DF OF
1 Zbynek Michalek Karlis Skrastins 60 1 2 2
2 Sheldon Brookbank Garnet Exelby 40 1 2 2
4 vs 4 Forward
Center Wing Time % Phy DF OF
1 Darroll Powe Steve Downie 60 1 2 2
2 Nathan Gerbe Matt Moulson 40 1 2 2
4 vs 4 Defense
Defense Defense Time % Phy DF OF
1 Karlis Skrastins Sheldon Brookbank 60 1 2 2
2 Zbynek Michalek Ryan Suter 40 1 2 2
Last Minutes Offensive
Center Left Wing Right Wing Defense Defense
Darroll Powe Nigel Dawes Nikolai Zherdev Ryan Suter Sheldon Brookbank
Last Minutes Defensive
Center Left Wing Right Wing Defense Defense
Darroll Powe Nigel Dawes Steve Downie Karlis Skrastins Sheldon Brookbank
Goaltenders
Starting : Michael Leighton
Backup : Dany Sabourin
Extra Forwards
Normal : Matt Moulson, Steve Downie, Nikolai Zherdev - PP : Nigel Dawes, Steve Downie - PK : Mats Zuccarello
Extra Defensemen
Normal : Ryan Suter, Garnet Exelby, Zbynek Michalek - PP : Ryan Suter - PK : Ryan Suter, Garnet Exelby
Penalty Shots
Nikolai Zherdev, Nathan Gerbe, Nigel Dawes, Matt Moulson, Mats Zuccarello
Icehogs
5 vs 5 Forward
Center Left Wing Right Wing Time % Phy DF OF
1 Gilbert Brule Nikolai Kulemin Richard Park 40 1 2 2
2 Andrew Murray Niklas Hagman Stanislav Chistov 30 1 2 2
3 Darren Helm Ville Nieminen Jason King 20 1 2 2
4 Josh Hennessy Brett Sterling Travis Moen 10 1 2 2
5 vs 5 Defense
Defense Defense Time % Phy DF OF
1 Paul Ranger Ryan Parent 40 1 2 2
2 Vladimir Mihalik Milan Jurcina 30 1 2 2
3 Logan Stephenson Karl Alzner 20 1 2 2
4 Paul Ranger Ryan Parent 10 1 2 2
PowerPlay Forward
Center Left Wing Right Wing Time % Phy DF OF
1 Gilbert Brule Niklas Hagman Richard Park 60 1 2 2
2 Andrew Murray Ville Nieminen Stanislav Chistov 40 1 2 2
PowerPlay Defense
Defense Defense Time % Phy DF OF
1 Paul Ranger Ryan Parent 60 1 2 2
2 Vladimir Mihalik Milan Jurcina 40 1 2 2
Penalty Kill 4 Players Forward
Center Wing Time % Phy DF OF
1 Niklas Hagman Richard Park 60 1 2 2
2 Ville Nieminen Nikolai Kulemin 40 1 2 2
Penalty Kill 4 Players Defense
Defense Defense Time % Phy DF OF
1 Paul Ranger Ryan Parent 60 1 2 2
2 Vladimir Mihalik Milan Jurcina 40 1 2 2
Penalty Kill - 3 Players Forward
Forward Time % Phy DF OF
1 Niklas Hagman 60 1 2 2
2 Richard Park 40 1 2 2
Penalty Kill - 3 Players Defense
Defense Defense Time % Phy DF OF
1 Paul Ranger Ryan Parent 60 1 2 2
2 Vladimir Mihalik Milan Jurcina 40 1 2 2
4 vs 4 Forward
Center Wing Time % Phy DF OF
1 Niklas Hagman Richard Park 60 1 2 2
2 Ville Nieminen Nikolai Kulemin 40 1 2 2
4 vs 4 Defense
Defense Defense Time % Phy DF OF
1 Paul Ranger Ryan Parent 60 1 2 2
2 Vladimir Mihalik Milan Jurcina 40 1 2 2
Last Minutes Offensive
Center Left Wing Right Wing Defense Defense
Gilbert Brule Niklas Hagman Richard Park Paul Ranger Ryan Parent
Last Minutes Defensive
Center Left Wing Right Wing Defense Defense
Gilbert Brule Niklas Hagman Richard Park Paul Ranger Ryan Parent
Goaltenders
Starting : José Theodore
Backup : Jeff Deslauriers
Extra Forwards
Normal : Jason King, Darren Helm, Josh Hennessy - PP : Jason King, Darren Helm - PK : Josh Hennessy
Extra Defensemen
Normal : Logan Stephenson, Karl Alzner, Vladimir Mihalik - PP : Logan Stephenson - PK : Karl Alzner, Vladimir Mihalik
Penalty Shots
Niklas Hagman, Richard Park, Ville Nieminen, Nikolai Kulemin, Stanislav Chistov
% Time on Ice - Knights
Lines # - Real PCT - Wanted PCT - Time Play
Normal Forward
1 - 28% - 32% - 12:18
2 - 30% - 31% - 13:07
3 - 21% - 22% - 9:10
4 - 21% - 15% - 9:23
Normal Defense
1 - 38% - 40% - 16:33
2 - 34% - 30% - 15:08
3 - 25% - 20% - 10:54
4 - 3% - 10% - 1:23
PP Forward
1 - 54% - 60% - 6:24
2 - 46% - 40% - 5:30
PP Defense
1 - 51% - 60% - 6:05
2 - 49% - 40% - 5:49
PK Forward
1 - 68% - 60% - 2:48
2 - 32% - 40% - 1:20
PK Defense
1 - 63% - 60% - 2:36
2 - 37% - 40% - 1:32
PK3 Forward
1 - 0% - 60%
2 - 0% - 40%
PK3 Defense
1 - 0% - 60%
2 - 0% - 40%
44 Forward
1 - 0% - 60%
2 - 0% - 40%
44 Defense
1 - 0% - 60%
2 - 0% - 40%
Last Minute Offensive - 0:00
Last Minute Defensive - 0:00
Total
Forward - 60:00
Defense - 60:00
|
% Time on Ice - Icehogs
Lines # - Real PCT - Wanted PCT - Time Play
Normal Forward
1 - 37% - 40% - 16:23
2 - 25% - 30% - 11:06
3 - 16% - 20% - 7:05
4 - 21% - 10% - 9:24
Normal Defense
1 - 39% - 40% - 17:21
2 - 33% - 30% - 14:40
3 - 25% - 20% - 11:04
4 - 2% - 10% - 0:53
PP Forward
1 - 59% - 60% - 2:26
2 - 41% - 40% - 1:42
PP Defense
1 - 57% - 60% - 2:22
2 - 43% - 40% - 1:46
PK Forward
1 - 69% - 60% - 8:12
2 - 31% - 40% - 3:42
PK Defense
1 - 57% - 60% - 6:45
2 - 43% - 40% - 5:09
PK3 Forward
1 - 0% - 60%
2 - 0% - 40%
PK3 Defense
1 - 0% - 60%
2 - 0% - 40%
44 Forward
1 - 0% - 60%
2 - 0% - 40%
44 Defense
1 - 0% - 60%
2 - 0% - 40%
Last Minute Offensive - 0:00
Last Minute Defensive - 0:00
Total
Forward - 60:00
Defense - 60:00
|
Play by Play
1st period
0:01 of 1st period - Gilbert Brule wins face-off versus Darroll Powe in neutral zone.
0:31 of 1st period - Slapshot by Ryan Parent.
0:31 of 1st period - Shot Blocked by Sheldon Brookbank.
1:11 of 1st period - Off-side.
1:12 of 1st period - Matt Moulson wins face-off versus Gilbert Brule in neutral zone.
1:17 of 1st period - Snap shot by Nikolai Zherdev.
1:17 of 1st period - Stopped by José Theodore without a rebound.
1:18 of 1st period - Gilbert Brule wins face-off versus Peter Mueller in Icehogs zone.
1:25 of 1st period - Karl Alzner is hit by Nikolai Zherdev and loses puck.
1:54 of 1st period - Snap shot by Stanislav Chistov.
1:54 of 1st period - Goal by Stanislav Chistov - Knights : 0 - Icehogs : 1.
1:55 of 1st period - Darren Helm wins face-off versus Jarret Stoll in neutral zone.
2:10 of 1st period - Snap shot by Jason King.
2:10 of 1st period - Stopped by Michael Leighton without a rebound.
2:11 of 1st period - Nathan Gerbe wins face-off versus Andrew Murray in Knights zone.
2:15 of 1st period - Icing by Ryan Suter.
2:16 of 1st period - Nathan Gerbe wins face-off versus Andrew Murray in Knights zone.
2:23 of 1st period - Snap shot by Nathan Gerbe.
2:23 of 1st period - Shot Misses the Net.
2:29 of 1st period - Wrist shot by Niklas Hagman.
2:29 of 1st period - Shot Misses the Net.
3:25 of 1st period - Snap shot by Jarret Stoll.
3:25 of 1st period - Stopped by José Theodore with a rebound.
3:27 of 1st period - Wrist shot by Garnet Exelby.
3:27 of 1st period - Stopped by José Theodore with a rebound.
3:29 of 1st period - Wrist shot by Jarret Stoll.
3:29 of 1st period - Shot Misses the Net.
3:31 of 1st period - Snap shot by Chris Thorburn.
3:31 of 1st period - Shot Misses the Net.
3:33 of 1st period - Slapshot by Garnet Exelby.
3:33 of 1st period - Shot Blocked by Brett Sterling.
4:31 of 1st period - Nikolai Kulemin is hit by Chris Thorburn.
5:01 of 1st period - Snap shot by Nigel Dawes.
5:01 of 1st period - Shot Blocked by Ryan Parent.
5:22 of 1st period - Off-side.
5:23 of 1st period - Andrew Murray wins face-off versus Peter Mueller in neutral zone.
5:30 of 1st period - Vladimir Mihalik is hit by Ryan Suter and loses puck.
5:49 of 1st period - Milan Jurcina is hit by Steve Downie and loses puck.
5:56 of 1st period - Wrist shot by Darroll Powe.
5:56 of 1st period - Stopped by José Theodore with a rebound.
5:58 of 1st period - Wrist shot by Darroll Powe.
5:58 of 1st period - Stopped by José Theodore without a rebound.
5:59 of 1st period - Gilbert Brule wins face-off versus Jarret Stoll in Icehogs zone.
6:33 of 1st period - Snap shot by Andrew Murray.
6:33 of 1st period - Shot Misses the Net.
7:03 of 1st period - Sheldon Brookbank is hit by Logan Stephenson and loses puck.
7:11 of 1st period - Off-side.
7:12 of 1st period - Darroll Powe wins face-off versus Gilbert Brule in neutral zone.
7:24 of 1st period - Minor Penalty to Steve Downie for Hooking.
7:25 of 1st period - Darroll Powe wins face-off versus Gilbert Brule in Knights zone.
7:45 of 1st period - Icing by Ryan Parent.
7:46 of 1st period - Gilbert Brule wins face-off versus Darroll Powe in Icehogs zone.
7:55 of 1st period - Slapshot by Darroll Powe.
7:55 of 1st period - Stopped by José Theodore without a rebound.
7:56 of 1st period - Darroll Powe wins face-off versus Andrew Murray in Icehogs zone.
7:59 of 1st period - Slapshot by Darroll Powe.
7:59 of 1st period - Stopped by José Theodore with a rebound.
8:39 of 1st period - Backhand shot by Nikolai Zherdev.
8:39 of 1st period - Stopped by José Theodore without a rebound.
8:40 of 1st period - Gilbert Brule wins face-off versus Nikolai Zherdev in Icehogs zone.
9:20 of 1st period - Paul Ranger is hit by Darroll Powe.
9:24 of 1st period - Penalty to Steve Downie is over, Steve Downie is back on ice.
9:33 of 1st period - Snap shot by Steve Downie.
9:33 of 1st period - Stopped by José Theodore with a rebound.
9:35 of 1st period - Slapshot by Karlis Skrastins.
9:35 of 1st period - Shot Blocked by Ryan Parent.
9:37 of 1st period - Wrist shot by Nigel Dawes.
9:37 of 1st period - Shot Blocked by Paul Ranger.
9:39 of 1st period - Slapshot by Ryan Suter.
9:39 of 1st period - Stopped by José Theodore without a rebound.
9:40 of 1st period - Josh Hennessy wins face-off versus Peter Mueller in Icehogs zone.
9:42 of 1st period - Minor Penalty to Peter Mueller for Hooking.
9:43 of 1st period - Gilbert Brule wins face-off versus Darroll Powe in Knights zone.
11:11 of 1st period - Kyle Greentree is hit by Ryan Parent and loses puck.
11:42 of 1st period - Penalty to Peter Mueller is over, Peter Mueller is back on ice.
12:06 of 1st period - Nigel Dawes is hit by Brett Sterling.
12:20 of 1st period - Snap shot by Nigel Dawes.
12:20 of 1st period - Stopped by José Theodore without a rebound.
12:21 of 1st period - Jarret Stoll wins face-off versus Darren Helm in Icehogs zone.
12:27 of 1st period - Off-side.
12:28 of 1st period - Gilbert Brule wins face-off versus Jarret Stoll in neutral zone.
12:33 of 1st period - Snap shot by Richard Park.
12:33 of 1st period - Stopped by Michael Leighton with a rebound.
12:56 of 1st period - Icing by Karlis Skrastins.
12:57 of 1st period - Andrew Murray wins face-off versus Peter Mueller in Knights zone.
12:58 of 1st period - Snap shot by Niklas Hagman.
12:58 of 1st period - Stopped by Michael Leighton with a rebound.
13:04 of 1st period - Wrist shot by Stanislav Chistov.
13:04 of 1st period - Shot Misses the Net.
13:06 of 1st period - Slapshot by Stanislav Chistov.
13:06 of 1st period - Stopped by Michael Leighton without a rebound.
13:07 of 1st period - Gilbert Brule wins face-off versus Peter Mueller in Knights zone.
13:10 of 1st period - Wrist shot by Richard Park.
13:10 of 1st period - Stopped by Michael Leighton with a rebound.
13:12 of 1st period - Wrist shot by Richard Park.
13:12 of 1st period - Shot Misses the Net.
13:14 of 1st period - Slapshot by Paul Ranger.
13:14 of 1st period - Deflect By Gilbert Brule.
13:14 of 1st period - Shot Misses the Net.
13:14 of 1st period - Puck is out of play.
13:15 of 1st period - Nikolai Kulemin wins face-off versus Peter Mueller in Knights zone.
13:16 of 1st period - Wrist shot by Gilbert Brule.
13:16 of 1st period - Shot Misses the Net.
13:18 of 1st period - Snap shot by Nikolai Kulemin.
13:18 of 1st period - Shot Misses the Net.
13:20 of 1st period - Wrist shot by Gilbert Brule.
13:20 of 1st period - Shot Misses the Net.
13:22 of 1st period - Slapshot by Ryan Parent.
13:22 of 1st period - Stopped by Michael Leighton without a rebound.
13:23 of 1st period - Gilbert Brule wins face-off versus Peter Mueller in Knights zone.
13:24 of 1st period - Wrist shot by Nikolai Kulemin.
13:24 of 1st period - Shot Misses the Net.
13:26 of 1st period - Wrist shot by Richard Park.
13:26 of 1st period - Goal by Richard Park - Knights : 0 - Icehogs : 2.
13:27 of 1st period - Gilbert Brule wins face-off versus Peter Mueller in neutral zone.
14:00 of 1st period - Off-side.
14:01 of 1st period - Peter Mueller wins face-off versus Andrew Murray in neutral zone.
14:06 of 1st period - Wrist shot by Nikolai Zherdev.
14:06 of 1st period - Stopped by José Theodore without a rebound.
14:07 of 1st period - Peter Mueller wins face-off versus Andrew Murray in Icehogs zone.
14:22 of 1st period - Wrist shot by Stanislav Chistov.
14:22 of 1st period - Shot Blocked by Sheldon Brookbank.
14:40 of 1st period - Snap shot by Richard Park.
14:40 of 1st period - Stopped by Michael Leighton with a rebound.
14:48 of 1st period - Richard Park is hit by Darroll Powe.
14:58 of 1st period - Richard Park is hit by Kyle Greentree and loses puck.
15:17 of 1st period - Slapshot by Richard Park.
15:17 of 1st period - Stopped by Michael Leighton with a rebound.
15:51 of 1st period - Wrist shot by Richard Park.
15:51 of 1st period - Stopped by Michael Leighton with a rebound.
15:53 of 1st period - Backhand shot by Milan Jurcina.
15:53 of 1st period - Stopped by Michael Leighton without a rebound.
15:54 of 1st period - Jarret Stoll wins face-off versus Andrew Murray in Knights zone.
16:21 of 1st period - Sheldon Brookbank is hit by Paul Ranger and loses puck.
16:37 of 1st period - Off-side.
16:38 of 1st period - Darroll Powe wins face-off versus Josh Hennessy in neutral zone.
17:04 of 1st period - Paul Ranger is hit by Nikolai Zherdev.
17:52 of 1st period - Snap shot by Brett Sterling.
17:52 of 1st period - Shot Misses the Net.
18:04 of 1st period - Snap shot by Darroll Powe.
18:04 of 1st period - Stopped by José Theodore with a rebound.
18:12 of 1st period - Snap shot by Darroll Powe.
18:12 of 1st period - Stopped by José Theodore without a rebound.
18:13 of 1st period - Gilbert Brule wins face-off versus Peter Mueller in Icehogs zone.
18:13 of 1st period - Gilbert Brule is hit by Matt Moulson.
18:16 of 1st period - Major / Game Misconduct Penalty to Gilbert Brule for Unsportsmanlike conduct.
18:16 of 1st period - Gilbert Brule is ejected from game.
18:17 of 1st period - Darroll Powe wins face-off versus Niklas Hagman in Icehogs zone.
18:26 of 1st period - Snap shot by Niklas Hagman.
18:26 of 1st period - Shot Misses the Net.
18:28 of 1st period - Wrist shot by Niklas Hagman.
18:28 of 1st period - Stopped by Michael Leighton without a rebound.
18:29 of 1st period - Niklas Hagman wins face-off versus Darroll Powe in Knights zone.
18:54 of 1st period - Steve Downie is hit by Richard Park and loses puck.
19:57 of 1st period - Zbynek Michalek is hit by Paul Ranger and loses puck.
2nd period
0:01 of 2nd period - Darroll Powe wins face-off versus Niklas Hagman in neutral zone.
0:30 of 2nd period - Wrist shot by Steve Downie.
0:30 of 2nd period - Stopped by José Theodore with a rebound.
0:32 of 2nd period - Backhand shot by Zbynek Michalek.
0:32 of 2nd period - Stopped by José Theodore without a rebound.
0:33 of 2nd period - Darroll Powe wins face-off versus Ville Nieminen in Icehogs zone.
0:55 of 2nd period - Icing by Steve Downie.
0:56 of 2nd period - Niklas Hagman wins face-off versus Steve Downie in Knights zone.
1:48 of 2nd period - Snap shot by Nathan Gerbe.
1:48 of 2nd period - Shot Misses the Net.
1:50 of 2nd period - Slapshot by Matt Moulson.
1:50 of 2nd period - Shot Misses the Net.
1:52 of 2nd period - Wrist shot by Steve Downie.
1:52 of 2nd period - Shot Blocked by Milan Jurcina.
1:54 of 2nd period - Wrist shot by Nathan Gerbe.
1:54 of 2nd period - Goal by Nathan Gerbe - Knights : 1 - Icehogs : 2.
1:55 of 2nd period - Darroll Powe wins face-off versus Niklas Hagman in neutral zone.
2:20 of 2nd period - Ryan Parent is hit by Nigel Dawes and loses puck.
3:16 of 2nd period - Penalty to Gilbert Brule is over, Josh Hennessy is send on ice.
3:32 of 2nd period - Wrist shot by Josh Hennessy.
3:32 of 2nd period - Shot Misses the Net.
3:46 of 2nd period - Nicklas Grossman is hit by Andrew Murray and loses puck.
5:19 of 2nd period - Slapshot by Kyle Greentree.
5:19 of 2nd period - Shot Blocked by Paul Ranger.
5:45 of 2nd period - Slapshot by Paul Ranger.
5:45 of 2nd period - Shot Blocked by Ryan Suter.
6:51 of 2nd period - Minor Penalty to Nikolai Kulemin for Hooking.
6:52 of 2nd period - Darroll Powe wins face-off versus Richard Park in Icehogs zone.
7:29 of 2nd period - Snap shot by Zbynek Michalek.
7:29 of 2nd period - Stopped by José Theodore with a rebound.
8:51 of 2nd period - Penalty to Nikolai Kulemin is over, Nikolai Kulemin is back on ice.
8:51 of 2nd period - Slapshot by Zbynek Michalek.
8:51 of 2nd period - Stopped by José Theodore with a rebound.
8:53 of 2nd period - Slapshot by Zbynek Michalek.
8:53 of 2nd period - Shot Misses the Net.
8:55 of 2nd period - Slapshot by Zbynek Michalek.
8:55 of 2nd period - Deflect By Chris Thorburn.
8:55 of 2nd period - Shot Misses the Net.
8:55 of 2nd period - Puck is out of play.
8:56 of 2nd period - Jarret Stoll wins face-off versus Josh Hennessy in Icehogs zone.
9:39 of 2nd period - Icing by Nicklas Grossman.
9:40 of 2nd period - Nathan Gerbe wins face-off versus Nikolai Kulemin in Knights zone.
9:40 of 2nd period - Nathan Gerbe is hit by Paul Ranger.
9:46 of 2nd period - Wrist shot by Karlis Skrastins.
9:46 of 2nd period - Stopped by José Theodore with a rebound.
9:48 of 2nd period - Snap shot by Steve Downie.
9:48 of 2nd period - Stopped by José Theodore with a rebound.
9:50 of 2nd period - Snap shot by Karlis Skrastins.
9:50 of 2nd period - Stopped by José Theodore with a rebound.
9:52 of 2nd period - Snap shot by Nigel Dawes.
9:52 of 2nd period - Stopped by José Theodore with a rebound.
10:06 of 2nd period - Sheldon Brookbank is hit by Paul Ranger and loses puck.
10:13 of 2nd period - Snap shot by Andrew Murray.
10:13 of 2nd period - Shot Misses the Net.
10:15 of 2nd period - Snap shot by Andrew Murray.
10:15 of 2nd period - Stopped by Michael Leighton with a rebound.
10:17 of 2nd period - Snap shot by Niklas Hagman.
10:17 of 2nd period - Goal by Niklas Hagman - Knights : 1 - Icehogs : 3.
10:18 of 2nd period - Jason King wins face-off versus Darroll Powe in neutral zone.
10:29 of 2nd period - Paul Ranger is hit by Nigel Dawes and loses puck.
11:05 of 2nd period - Snap shot by Brett Sterling.
11:05 of 2nd period - Stopped by Michael Leighton with a rebound.
11:41 of 2nd period - Snap shot by Stanislav Chistov.
11:41 of 2nd period - Shot Misses the Net.
12:17 of 2nd period - Snap shot by Joel Ward.
12:17 of 2nd period - Shot Misses the Net.
12:44 of 2nd period - Brett Sterling is hit by Chris Thorburn and loses puck.
13:00 of 2nd period - Ryan Parent is hit by Darroll Powe and loses puck.
13:15 of 2nd period - Snap shot by Richard Park.
13:15 of 2nd period - Stopped by Michael Leighton with a rebound.
13:17 of 2nd period - Snap shot by Jason King.
13:17 of 2nd period - Stopped by Michael Leighton without a rebound.
13:18 of 2nd period - Peter Mueller wins face-off versus Nikolai Kulemin in Knights zone.
14:22 of 2nd period - Wrist shot by Sheldon Brookbank.
14:22 of 2nd period - Deflect By Matt Moulson.
14:22 of 2nd period - Shot Misses the Net.
14:22 of 2nd period - Puck is out of play.
14:23 of 2nd period - Darroll Powe wins face-off versus Andrew Murray in Icehogs zone.
14:48 of 2nd period - Karlis Skrastins is hit by Brett Sterling and loses puck.
15:19 of 2nd period - Joel Ward is hit by Ryan Parent and loses puck.
15:57 of 2nd period - Snap shot by Ville Nieminen.
15:57 of 2nd period - Shot Blocked by Zbynek Michalek.
16:32 of 2nd period - Slapshot by Joel Ward.
16:32 of 2nd period - Shot Misses the Net.
16:34 of 2nd period - Snap shot by Kyle Greentree.
16:34 of 2nd period - Shot Blocked by Ryan Parent.
16:36 of 2nd period - Snap shot by Nathan Gerbe.
16:36 of 2nd period - Shot Misses the Net.
17:11 of 2nd period - Ryan Suter is hit by Josh Hennessy and loses puck.
17:24 of 2nd period - Mats Zuccarello is hit by Andrew Murray and loses puck.
17:32 of 2nd period - Icing by Ryan Suter.
17:33 of 2nd period - Andrew Murray wins face-off versus Peter Mueller in Knights zone.
18:02 of 2nd period - Logan Stephenson is hit by Garnet Exelby.
18:12 of 2nd period - Wrist shot by Richard Park.
18:12 of 2nd period - Shot Blocked by Zbynek Michalek.
18:24 of 2nd period - Snap shot by Nathan Gerbe.
18:24 of 2nd period - Deflect By Joel Ward.
18:24 of 2nd period - Stopped by José Theodore without a rebound.
18:25 of 2nd period - Niklas Hagman wins face-off versus Nathan Gerbe in Icehogs zone.
18:59 of 2nd period - Wrist shot by Joel Ward.
18:59 of 2nd period - Deflect By Nathan Gerbe.
18:59 of 2nd period - Shot Misses the Net.
18:59 of 2nd period - Puck is out of play.
19:00 of 2nd period - Darroll Powe wins face-off versus Andrew Murray in Icehogs zone.
19:01 of 2nd period - Wrist shot by Steve Downie.
19:01 of 2nd period - Shot Blocked by Niklas Hagman.
19:03 of 2nd period - Snap shot by Nigel Dawes.
19:03 of 2nd period - Shot Hit the Post.
19:09 of 2nd period - Stanislav Chistov is hit by Darroll Powe and loses puck.
19:16 of 2nd period - Darroll Powe is hit by Andrew Murray and loses puck.
19:35 of 2nd period - Off-side.
19:36 of 2nd period - Jason King wins face-off versus Peter Mueller in neutral zone.
3rd period
0:01 of 3rd period - Jason King wins face-off versus Darroll Powe in neutral zone.
0:10 of 3rd period - Snap shot by Ryan Suter.
0:10 of 3rd period - Stopped by José Theodore with a rebound.
0:14 of 3rd period - Wrist shot by Nigel Dawes.
0:14 of 3rd period - Stopped by José Theodore without a rebound.
0:15 of 3rd period - Andrew Murray wins face-off versus Peter Mueller in Icehogs zone.
0:22 of 3rd period - Wrist shot by Niklas Hagman.
0:22 of 3rd period - Shot Blocked by Ryan Suter.
0:46 of 3rd period - Icing by Steve Downie.
0:47 of 3rd period - Darroll Powe wins face-off versus Nikolai Kulemin in Knights zone.
0:54 of 3rd period - Milan Jurcina is hit by Darroll Powe and loses puck.
1:01 of 3rd period - Slapshot by Steve Downie.
1:01 of 3rd period - Shot Misses the Net.
1:15 of 3rd period - Snap shot by Richard Park.
1:15 of 3rd period - Stopped by Michael Leighton with a rebound.
1:53 of 3rd period - Snap shot by Nigel Dawes.
1:53 of 3rd period - Stopped by José Theodore with a rebound.
2:06 of 3rd period - Icing by Richard Park.
2:07 of 3rd period - Jason King wins face-off versus Peter Mueller in Icehogs zone.
2:12 of 3rd period - Sheldon Brookbank is hit by Richard Park and loses puck.
3:37 of 3rd period - Slapshot by Joel Ward.
3:37 of 3rd period - Shot Blocked by Karl Alzner.
4:03 of 3rd period - Karl Alzner is hit by Peter Mueller and loses puck.
4:39 of 3rd period - Ryan Parent is hit by Peter Mueller and loses puck.
5:15 of 3rd period - Karl Alzner is hit by Jarret Stoll and loses puck.
5:38 of 3rd period - Nikolai Zherdev is hit by Brett Sterling and loses puck.
7:02 of 3rd period - Niklas Hagman is hit by Chris Thorburn.
7:39 of 3rd period - Nigel Dawes is hit by Stanislav Chistov and loses puck.
7:51 of 3rd period - Icing by Niklas Hagman.
7:52 of 3rd period - Darren Helm wins face-off versus Nathan Gerbe in Icehogs zone.
8:26 of 3rd period - Matt Moulson is hit by Josh Hennessy and loses puck.
8:33 of 3rd period - Ryan Parent is hit by Matt Moulson and loses puck.
9:17 of 3rd period - Minor Penalty to Nikolai Zherdev for Elbowing.
9:18 of 3rd period - Niklas Hagman wins face-off versus Darroll Powe in Knights zone.
9:23 of 3rd period - Wrist shot by Niklas Hagman.
9:23 of 3rd period - Stopped by Michael Leighton with a rebound.
9:25 of 3rd period - Wrist shot by Vladimir Mihalik.
9:25 of 3rd period - Shot Misses the Net.
9:27 of 3rd period - Snap shot by Jason King.
9:27 of 3rd period - Goal by Jason King - Knights : 1 - Icehogs : 4.
9:28 of 3rd period - Darroll Powe wins face-off versus Jason King in neutral zone.
10:07 of 3rd period - Minor Penalty to Stanislav Chistov for Hooking.
10:08 of 3rd period - Niklas Hagman wins face-off versus Darroll Powe in Icehogs zone.
10:23 of 3rd period - Slapshot by Ryan Suter.
10:23 of 3rd period - Shot Misses the Net.
10:33 of 3rd period - Ryan Parent is hit by Nathan Gerbe and loses puck.
12:07 of 3rd period - Penalty to Stanislav Chistov is over, Stanislav Chistov is back on ice.
12:14 of 3rd period - Vladimir Mihalik is hit by Chris Thorburn and loses puck.
13:26 of 3rd period - Slapshot by Paul Ranger.
13:26 of 3rd period - Shot Misses the Net.
14:02 of 3rd period - Mats Zuccarello is hit by Milan Jurcina and loses puck.
14:17 of 3rd period - Vladimir Mihalik is hit by Matt Moulson.
14:42 of 3rd period - Paul Ranger is hit by Kyle Greentree.
15:26 of 3rd period - Steve Downie is hit by Ryan Parent.
16:31 of 3rd period - Nikolai Kulemin is hit by Matt Moulson and loses puck.
16:48 of 3rd period - Brett Sterling is hit by Joel Ward and loses puck.
17:02 of 3rd period - Double Minor Penalty to Stanislav Chistov for Roughing.
17:03 of 3rd period - Niklas Hagman wins face-off versus Darroll Powe in Icehogs zone.
17:14 of 3rd period - Niklas Hagman is hit by Nikolai Zherdev and loses puck.
17:21 of 3rd period - Darroll Powe is hit by Ryan Parent.
18:03 of 3rd period - Josh Hennessy is hit by Matt Moulson and loses puck.
19:13 of 3rd period - Brett Sterling is hit by Chris Thorburn and loses puck.
19:40 of 3rd period - Snap shot by Nikolai Kulemin.
19:40 of 3rd period - Shot Misses the Net.
Output by the SimonT Hockey Simulator (STHS) for François Prévost -- Original Page W3C XHTML 1.0 Valid